[Event "10th Cesme Open-A 2024"]
[Site "Cesme"]
[Date "2024.06.25"]
[Round "4"]
[White "Kovalev, Vladislav"]
[Black "Taspinar, Yanki"]
[Result "1-0"]
[ECO "C72"]
[WhiteElo "2559"]
[BlackElo "2309"]
[Annotator "TA"]
[PlyCount "67"]
[EventDate "2024.06.23"]
[EventType "swiss"]
[EventCountry "TUR"]
[SourceTitle "playchess.com"]
[Source "ChessBase"]
[SourceQuality "1"]
[TimeControl "5400+30"]

1. e4 e5 2. Nf3 Nc6 3. Bb5 a6 4. Ba4 d6 5. O-O Bd7 6. d4 exd4 7. Bxc6 Bxc6 8. Nxd4 Be7 {[%emt 0:00:30] White is slightly better.} 9. Nxc6 bxc6 10. f4 Nf6 11. Qf3 O-O 12. Nc3 Re8 13. Be3 Bf8 14. Bf2 Qd7 15. h3 {[%emt 0:02:30] Prevents Ng4} Qe6 16. Rfe1 Nd7 17. e5 dxe5 18. f5 $1 Qh6 19. Rad1 Nf6 20. Qxc6 Qf4 21. Qf3 (21. Rf1 $5) 21... Qxf3 (21... Qb4 $5) 22. gxf3 Rab8 23. b3 Bb4 24. Re3 g6 25. Nd5 Nxd5 26. Rxd5 Rb5 27. Rd7 gxf5 28. Rxc7 e4 (28... Rd5 $11) 29. fxe4 fxe4 30. Rg3+ Kf8 {[%emt 0:00:01] [#] ...Bd6 would now be deadly.} 31. Bd4 {[%emt 0:01:30] Hoping for c4.} Re6 32. c4 Rf5 33. c5 {[%emt 0:04:30][%cal Og3g8] Intending Rg8+! and mate.} Be1 $2 {[%emt 0:00:26][%mdl 8192] [#]} (33... Rg6 $11 34. Rxg6 hxg6) 34. Rg8+ $3 {[%emt 0:00:30][%mdl 512] Weighted Error Value: White=0.10 (very precise) /Black=0.38.  Loses game:     	---       	Black=1      Mistake:       	---       	Black=1      Inaccurate:     	White=3     	Black=3      OK:         	White=12    	Black=12     Best:        	---       	Black=2      Strong:       	White=1     	---        Brilliant:      	White=1     	---} 1-0

[Event "10th Cesme Open-A 2024"]
[Site "Cesme"]
[Date "2024.06.25"]
[Round "4"]
[White "Kharitonov, Alexandr"]
[Black "Tarlabasi, Emirhan"]
[Result "1-0"]
[ECO "D32"]
[WhiteElo "2522"]
[BlackElo "2303"]
[Annotator "TA"]
[PlyCount "161"]
[EventDate "2024.06.23"]
[EventType "swiss"]
[EventCountry "TUR"]
[SourceTitle "playchess.com"]
[Source "ChessBase"]
[SourceQuality "1"]
[TimeControl "5400+30"]

1. d4 d5 2. c4 e6 3. Nc3 c5 4. cxd5 exd5 5. Nf3 Nc6 6. dxc5 d4 7. Na4 Bxc5 8. Nxc5 {[%emt 0:00:30] Nb3 would now be deadly.} Qa5+ 9. Bd2 Qxc5 {[%emt 0:00:00] [#] The position is equal.} 10. b4 $1 Nxb4 (10... Qf5 11. Rc1) 11. Rc1 {[%emt 0:00:30] Prevents Nc2+} Qd6 12. e3 Nc6 {[%emt 0:08:30] [#]} 13. Bc3 $1 Bg4 (13... Nge7 14. Nxd4) 14. Bb5 (14. exd4 Nge7 $11) 14... Nge7 (14... Bxf3 15. Qxd4 (15. gxf3 O-O-O $14) 15... Qxd4 16. Bxd4 $18) 15. Qxd4 Qxd4 16. Nxd4 O-O 17. f3 Nxd4 18. Bxd4 {[%emt 0:01:30] A strong pair of Bishops.} Be6 19. Bc5 Rfc8 $1 20. Kf2 Rc7 21. Bb4 Rxc1 22. Rxc1 Nc6 23. Bxc6 bxc6 $14 {[%emt 0:03:30][%mdl 4096] Endgame. KRB-KRB} 24. a3 a5 25. Be1 Ra6 26. Rb1 {[%emt 0:03:30] Intending Rb8+ and mate.} h6 27. Rb8+ Kh7 28. Rb7 a4 29. Rc7 Ra8 30. Rxc6 Rc8 31. Ra6 Rc2+ 32. Kg3 Bb3 33. Bb4 Bc4 34. Rxa4 (34. Rc6 $14) 34... Bf1 $11 35. Kf4 Rxg2 36. Ra7 Kg6 37. h4 Kf6 38. Be7+ Ke6 39. Bd8 f6 40. h5 Rg5 41. e4 {[%emt 0:00:11] White is more active.} Kd6 (41... Bb5 $16) 42. Be7+ $1 $18 Kc6 43. Bf8 $1 Rxh5 44. Bxg7 Rh3 (44... Rb5 {was necessary.} 45. Bxf6 (45. Bxh6 Rb3 $18) 45... Rb3) 45. Rf7 $1 (45. Bxf6 Be2 $14) 45... h5 46. Rxf6+ Kd7 47. e5 Bc4 {[%emt 0:00:35] Prevents e6+.} 48. Rd6+ Kc7 49. Ke3 {[%emt 0:00:45] Dodges Be2} Bb5 50. Bf8 Bc6 $2 (50... h4 51. Rf6 Rh2) 51. Rf6 h4 52. e6 Rh1 53. e7 (53. Rf7+ $18 {and White stays clearly on top.} Kb6 54. Bb4) 53... Bd7 54. Kf4 Re1 55. Rh6 h3 56. a4 Ra1 $2 {[%emt 0:00:44] [#]} (56... Re2 $16 {was called for.} 57. a5 Ra2 58. Rxh3 Rxa5) 57. Rxh3 $3 Rxa4+ 58. Kg5 Ra5+ 59. Kh6 (59. Kf6 $18) 59... Be8 $16 60. f4 Rf5 61. Rc3+ (61. Rd3 Rxf4 62. Kg5 Rf1 $11) 61... Kd7 62. Rc4 Ke6 63. Kg7 $1 Rf7+ 64. Kg8 {[%emt 0:00:00] And now Bh6 would win.} Rf5 65. Rd4 Rf6 66. Bg7 Rf7 {[%emt 0:00:31] [#]} 67. Re4+ $1 Kd7 68. Bf8 Rf6 69. Rb4 Rg6+ 70. Kh7 Rf6 71. Rb8 {[%emt 0:00:15] Threatening mate with Rd8+.} Rxf4 72. Kh6 {[%emt 0:02:22] Threatens to win with Rd8+.} Bf7 (72... Rf6+ $2 73. Kg5 Rg6+ 74. Kf5 $18) 73. Kg7 Bh5 74. Rd8+ Kc7 (74... Ke6 $142) 75. Kh6 (75. e8=B $6 Rg4+ (75... Kxd8 76. Bb5 $11) 76. Kh7 Kxd8 77. Bxh5 Rh4 $11) (75. e8=Q Bxe8 76. Rxe8 Kc6 $16) 75... Bf7 76. Bg7 (76. e8=N+ Kxd8 77. Kg5 (77. Nd6 Be6 $17) 77... Ra4 $15) (76. e8=R Bxe8 77. Rxe8 Kb6 $14) 76... Re4 $2 {[%emt 0:00:53][%mdl 8192] [#] Against Be5+} (76... Rg4 $16) 77. Bf6 $1 $18 Re1 78. Kg7 Bh5 79. Rh8 Rg1+ 80. Kf8 Bg6 81. Rg8 {[%emt 0:00:00] Weighted Error Value: White=0.13 (very precise) /Black=0.18 (very precise) .  Loses game:     	---       	Black=1      Missed win:     	White=1     	---        Mistake:       	White=2     	Black=5      Inaccurate:     	White=2     	Black=6      OK:         	White=35    	Black=25     Best:        	White=5     	Black=14     Strong:       	White=5     	Black=1} (81. e8=B Bxe8 82. Kxe8 Re1+ 83. Kf7 Re2 $16) 1-0

[Event "10th Cesme Open-A 2024"]
[Site "Cesme"]
[Date "2024.06.25"]
[Round "4"]
[White "Gholami, Aryan"]
[Black "Kavri, Yusuf Eren"]
[Result "1-0"]
[ECO "D02"]
[WhiteElo "2481"]
[BlackElo "2059"]
[Annotator "TA"]
[PlyCount "73"]
[EventDate "2024.06.23"]
[EventType "swiss"]
[EventCountry "TUR"]
[SourceTitle "playchess.com"]
[Source "ChessBase"]
[SourceQuality "1"]
[TimeControl "5400+30"]

1. d4 Nf6 2. Bf4 d5 3. e3 c5 4. Nf3 Nc6 5. Nbd2 Qb6 6. dxc5 Qxb2 7. Rb1 Qc3 8. Bb5 {[%emt 0:00:30] The position is equal.} e6 9. O-O Be7 10. Ne5 Bd7 11. Nd3 Qa5 {[%emt 0:06:30] Prevents Bc7.} 12. c4 O-O 13. Nb3 Qd8 14. Qc2 a6 15. Bxc6 Bxc6 16. cxd5 Qxd5 {[%emt 0:14:30][%csl Gc6][%cal Rd5g2] [#]} 17. f3 Rfd8 18. Nb4 Qh5 (18... Qf5 $11) 19. Nxc6 $14 bxc6 20. e4 {[%emt 0:00:30] Inhibits Nd5.} Nd7 21. Rbc1 Bg5 22. Bxg5 Qxg5 23. f4 Qg6 24. Na5 e5 25. Rcd1 {[%emt 0:02:30] Nb7 is the strong threat.} Nf8 (25... exf4 $2 26. Nb7 $18) 26. f5 $36 {[%emt 0:04:30][%mdl 2048] White is in control.} Qh6 27. Qc3 {[%emt 0:00:00] Prevents Qe3+. White is more active.} Qh4 $2 {[%emt 0:03:24] Black cannot hold the game after this.} (27... Qf6 $16 28. h3 Rd4) 28. Nxc6 $18 Rxd1 29. Rxd1 Rc8 $2 (29... Re8 30. Qe3 (30. Nxe5 Qxe4 31. Re1 Qxf5 $16) 30... Kh8) 30. g3 (30. Nxe5 Qxe4 31. Rf1 Qd5 $14) 30... Qg5 {[%emt 0:01:24] Black is weak on the dark squares} 31. h4 Qg4 32. Ne7+ (32. Nxe5 $2 Qxd1+ 33. Kf2 Nd7 34. Nxd7 Qxd7 $19) 32... Kh8 33. Re1 Rc7 {[%emt 0:04:07] [#]} 34. Nd5 ({Inferior is} 34. Qxe5 Rxe7 35. Qxe7 Qxg3+ 36. Kf1 Qf3+ 37. Kg1 Qg3+ 38. Kf1 Qf3+ 39. Kg1 Qg3+ $11) 34... Rc6 35. Kg2 (35. Qxe5 Rxc5 36. Qd6 Rc8 $16) 35... h5 36. Qb4 {[%emt 0:01:00] Intending Qb8 and mate.} (36. Qxe5 Rxc5 37. Qb8 Rc2+ 38. Kg1 Qf3 39. Qxf8+ Kh7 $11) 36... a5 37. Qb8 {[%emt 0:00:26] Weighted Error Value: White=0.22 (precise) /Black=0.57.  Mistake:       	---       	Black=3      Inaccurate:     	---       	Black=4      OK:         	White=17    	Black=10     Best:        	White=3     	Black=3} 1-0

[Event "10th Cesme Open-A 2024"]
[Site "Cesme"]
[Date "2024.06.25"]
[Round "4"]
[White "Annaberdiyev, Meylis"]
[Black "Aliyev, Elnur"]
[Result "1-0"]
[ECO "B01"]
[WhiteElo "2467"]
[BlackElo "2073"]
[Annotator "TA"]
[PlyCount "107"]
[EventDate "2024.06.23"]
[EventType "swiss"]
[EventCountry "TUR"]
[SourceTitle "playchess.com"]
[Source "ChessBase"]
[SourceQuality "1"]
[TimeControl "5400+30"]

1. e4 d5 2. exd5 Qxd5 3. Nc3 Qd8 4. d4 Nf6 5. Nf3 g6 6. Bf4 Bg7 7. Qd2 O-O 8. Bh6 {[%emt 0:00:00] White is slightly better.} Nc6 9. O-O-O Bg4 10. Bxg7 Bxf3 (10... Kxg7 $16 11. d5 Nb8) 11. gxf3 (11. Bxf6 $6 Bxd1 12. Bg5 Bg4 $16) (11. Bxf8 $18 {and the rest is easy.} Bxd1 12. Bh6) 11... Kxg7 $16 {[%emt 0:00:30] [#]} 12. d5 $1 Nb8 13. h4 {[%emt 0:00:00][%cal Bh2h4,Bh4h5][%mdl 32] White is more active.} Qd6 (13... e5 $16) 14. Ne4 Qe5 (14... Nxe4 $16 {keeps fighting.} 15. fxe4 Nd7) 15. Nxf6 Qxf6 16. h5 g5 17. Rg1 Kh6 {[%emt 0:00:30] [#]} (17... Nd7 $16 18. Rxg5+ (18. Qxg5+ Qxg5+ 19. Rxg5+ Kh6 $18) 18... Kh8) 18. Re1 (18. Rg4 $1 $18 {Re1 would now be deadly.} Nd7 19. f4 gxf4 20. Re1 (20. Rxf4 Qg5 $18)) 18... Nd7 {[%emt 0:07:30][%cal Oa8d8] Black is weak on the light squares} 19. Re4 {[%emt 0:01:00] Strongly threatening f4.} Rg8 (19... e5 $16 {is a better defense.}) 20. f4 $18 {[%emt 0:02:30] And now fxg5+ would win.} g4 21. Qe3 Nb6 22. c4 (22. Rxe7 $2 Nxd5 23. Qe5 Qxe7 $19) 22... Rae8 23. Bd3 Kg7 (23... Nd7 $142 24. Bc2 (24. Qxa7 b6 $17) 24... Qb6) 24. Rxg4+ Kf8 25. f3 c6 (25... h6 $142 26. Qg1 Rxg4 27. fxg4 (27. Qxg4 Na4 $14) 27... Na4) 26. Rxg8+ Kxg8 27. dxc6 bxc6 28. Qg1+ $40 {[%emt 0:00:30][%mdl 128] Black is in trouble.} Kf8 29. Qg5 {[%emt 0:00:00] Qxf6 is the strong threat.} Nd7 (29... h6 $142 30. Qxf6 exf6) 30. h6 Rb8 $2 (30... e6 {was necessary.} 31. Re2 Ke7) 31. Qxf6 Nxf6 {[%emt 0:00:30][%mdl 4096] Endgame. KRB-KRN} 32. Re5 Rd8 33. Kd2 Ng8 34. Ra5 Rd7 35. Ra6 Rc7 $2 (35... Nxh6 {was worth a try.} 36. Rxc6 e6 37. Rc8+ Ke7) 36. Bxh7 Nxh6 37. Be4 e6 38. Rxc6 Rxc6 39. Bxc6 {[%emt 0:00:00] KB-KN} Nf5 40. Be4 {[%emt 0:00:00] Black must now prevent Bxf5.} Ne7 (40... Nh4 $142 41. f5 exf5) 41. b4 f5 42. Bc2 Ng6 43. Ke3 Ke7 44. c5 Nh4 45. b5 Ng2+ 46. Kd4 Nxf4 47. a4 Ng6 48. a5 {[%emt 0:00:00] Threatens to win with b6.} Kd7 49. Ba4 {[%emt 0:00:30] White mates.} Kc8 50. Bb3 e5+ 51. Kd5 Nh4 52. Kd6 Nxf3 53. Be6+ Kb8 54. c6 {[%emt 0:00:00] Weighted Error Value: White=0.29 (precise) /Black=0.46.  Mistake:       	White=2     	Black=10     Inaccurate:     	White=3     	Black=2      OK:         	White=12    	Black=7      Best:        	White=3     	Black=2      Strong:       	White=1     	---} 1-0

[Event "10th Cesme Open-A 2024"]
[Site "Cesme"]
[Date "2024.06.25"]
[Round "4"]
[White "Durak, Can"]
[Black "Erten, Kerem"]
[Result "1-0"]
[ECO "D80"]
[WhiteElo "2442"]
[BlackElo "2277"]
[Annotator "TA"]
[PlyCount "93"]
[EventDate "2024.06.23"]
[EventType "swiss"]
[EventCountry "TUR"]
[SourceTitle "playchess.com"]
[Source "ChessBase"]
[SourceQuality "1"]
[TimeControl "5400+30"]

1. d4 Nf6 2. c4 g6 3. Nc3 d5 4. Nf3 Bg7 5. Bg5 Ne4 6. Bf4 Nxc3 7. bxc3 c5 8. e3 O-O 9. cxd5 cxd4 10. cxd4 Qxd5 11. Be2 Nc6 12. O-O b6 13. Rc1 Bb7 14. Bc4 Qd7 {[%emt 0:06:30] The position is equal.} 15. Qa4 a6 {[%emt 0:05:30] aiming for ...b5.} 16. Be2 b5 17. Qb3 (17. Qa3 $14) 17... Rac8 18. a4 bxa4 19. Qxa4 e5 20. dxe5 Nxe5 21. Qxd7 Nxd7 22. Rb1 Bxf3 23. gxf3 a5 24. Rfd1 (24. Rb5 $14) 24... Ne5 (24... Nc5 $11 {remains equal.}) 25. Rb5 {[%emt 0:06:30][%csl LRa5,LRe5] White leaves nothing to chance now.} Nc6 ({Black should play} 25... Rc2 $1 $14) 26. Rc5 $1 $36 {[%emt 0:00:30][%mdl 2048] And now Ba6 would win. White is really pushing. Black is weak on the light squares} a4 27. Ba6 $1 {[%emt 0:04:30] White is much more active.} ({Much less strong is} 27. Bb5 $6 Ne5 28. Rxc8 (28. Rxe5 Bxe5 29. Bxe5 Rc5 $15) 28... Rxc8 $14) 27... Rcd8 28. Rxd8 Nxd8 {[%emt 0:00:30] [#]} 29. Bd6 $1 Re8 {[%emt 0:03:30] [#]} 30. Rc8 $1 Bf6 {[%emt 0:01:30] Hoping for ...Re6.} 31. Bb5 a3 32. Bxa3 ({Resist} 32. Bxe8 a2 33. Rc1 a1=Q 34. Rxa1 Bxa1 $14) 32... Re6 (32... Re5 $16) 33. Bc5 $18 Kg7 34. f4 {[%emt 0:01:30] Repels Re5} h5 (34... h6 $142 35. Kg2 h5) 35. Kg2 g5 $2 (35... Kh7 36. Bc4 Re4) 36. fxg5 Bxg5 37. Bd4+ Kh6 38. f4 Bh4 39. Kf3 {[%emt 0:05:30] Threatens to win with Bc5.} Rg6 $2 (39... Rd6 40. Rb8 Ne6 41. Rh8+ Kg6 42. f5+ Kxf5 43. Rxh5+ Ng5+ 44. Kg2 Be1) 40. Bd3 {[%emt 0:00:30] White is clearly winning.} Rc6 41. Ra8 Be7 42. Be4 Rc1 (42... Rc7 $142 43. Ra6+ f6 44. Bxf6 Bxf6 45. Rxf6+ Kg7) 43. Ra6+ f6 44. Ra7 f5 45. Bxf5 {[%emt 0:00:00] A strong pair of Bishops.} Nc6 46. Ra6 Bd6 47. Be4 {[%emt 0:00:30] Weighted Error Value: White=0.10 (very precise) /Black=0.32.  Mistake:       	White=2     	Black=7      Inaccurate:     	White=1     	Black=3      OK:         	White=14    	Black=8      Best:        	White=2     	Black=2      Strong:       	White=2     	---} 1-0

[Event "10th Cesme Open-A 2024"]
[Site "Cesme"]
[Date "2024.06.25"]
[Round "4"]
[White "Yermolinsky, Alex"]
[Black "Ozdemir, Serhan Berat"]
[Result "1-0"]
[ECO "A65"]
[WhiteElo "2421"]
[BlackElo "2225"]
[Annotator "RC"]
[PlyCount "103"]
[EventDate "2024.06.23"]
[EventType "swiss"]
[EventCountry "TUR"]
[SourceTitle "playchess.com"]
[Source "ChessBase"]
[SourceQuality "1"]
[TimeControl "5400+30"]

1. d4 Nf6 2. c4 g6 3. Nc3 Bg7 4. e4 d6 5. h3 O-O 6. Bg5 h6 7. Be3 c5 8. d5 e6 9. Bd3 Re8 10. Nf3 exd5 11. cxd5 a6 12. a4 Nbd7 13. O-O c4 14. Bc2 Qc7 15. Re1 Kh7 16. Bd4 Ne5 17. Nxe5 dxe5 18. Be3 Bd7 19. a5 Qd6 20. Na4 Rac8 21. Nb6 Rc7 22. Nxd7 Nxd7 23. Ba4 Rec8 24. Bxd7 Rxd7 25. Qc2 Bf6 26. Ra4 Bd8 27. Rc1 h5 28. Rxc4 Rxc4 29. Qxc4 Bxa5 30. Bc5 Qc7 31. b4 Bb6 32. Qc3 f6 33. Qe3 Bxc5 34. bxc5 Rg7 35. c6 bxc6 36. Rxc6 Qa7 37. Qd3 Rc7 38. Rxf6 a5 39. Rc6 Rf7 40. Qg3 Rg7 41. Qxe5 a4 42. d6 a3 43. Qa1 Qa4 44. Rc7 Rxc7 45. dxc7 Qa6 46. c8=Q Qxc8 47. Qxa3 Qc2 48. Qe7+ Kh6 49. Qf8+ Kh7 50. Qf7+ Kh6 51. Qf4+ Kg7 52. h4 1-0

[Event "10th Cesme Open-A 2024"]
[Site "Cesme"]
[Date "2024.06.25"]
[Round "4"]
[White "Pacher, Milan"]
[Black "Demirbag, Alihan"]
[Result "1-0"]
[ECO "B42"]
[WhiteElo "2387"]
[BlackElo "2055"]
[Annotator "RC"]
[PlyCount "75"]
[EventDate "2024.06.23"]
[EventType "swiss"]
[EventCountry "TUR"]
[SourceTitle "playchess.com"]
[Source "ChessBase"]
[SourceQuality "1"]
[TimeControl "5400+30"]

1. e4 c5 2. Nf3 e6 3. d4 cxd4 4. Nxd4 a6 5. Bd3 Bc5 6. Nb3 Ba7 7. Qe2 Ne7 8. Be3 O-O 9. Nc3 b5 10. O-O b4 11. Na4 d6 12. e5 Nd5 13. Bxa7 Rxa7 14. a3 Nf4 15. Qe3 Qg5 16. Be4 Bb7 17. exd6 Nh3+ 18. Qxh3 Bxe4 19. axb4 Bxc2 20. Nac5 Qd5 21. Qe3 Nc6 22. Na5 Nd4 23. d7 Rb8 24. Rfc1 h6 25. Qxd4 Qxd4 26. Nc6 Qxb2 27. Nxb8 Rxd7 28. Nbxd7 h5 29. Nxa6 h4 30. Nac5 h3 31. b5 Qxb5 32. Rxc2 Qc6 33. gxh3 Qf3 34. Rca2 Qxh3 35. Ra3 Qf5 36. Rg3 g6 37. Ne4 Kg7 38. Ndf6 1-0

[Event "10th Cesme Open-A 2024"]
[Site "Cesme"]
[Date "2024.06.25"]
[Round "4"]
[White "Samani, Yamac"]
[Black "Maruflu, Enes Yusuf"]
[Result "1-0"]
[ECO "B53"]
[WhiteElo "2360"]
[BlackElo "2141"]
[Annotator "RC"]
[PlyCount "75"]
[EventDate "2024.06.23"]
[EventType "swiss"]
[EventCountry "TUR"]
[SourceTitle "playchess.com"]
[Source "ChessBase"]
[SourceQuality "1"]
[TimeControl "5400+30"]

1. e4 c5 2. Nf3 d6 3. d4 cxd4 4. Qxd4 Nf6 5. Be2 Nc6 6. Qe3 g6 7. O-O Bg7 8. h3 O-O 9. Rd1 Nd7 10. Nc3 b6 11. b3 Bb7 12. Bb2 Nc5 13. a3 a5 14. Rab1 Rc8 15. Nb5 Bxb2 16. Rxb2 Qe8 17. b4 axb4 18. axb4 Nd7 19. c3 Nce5 20. Nd2 Nf6 21. f4 Ned7 22. g4 Ba6 23. Ra2 Bxb5 24. Bxb5 Qd8 25. Nc4 Qc7 26. e5 Ne8 27. Rda1 Rb8 28. Qf3 Nc5 29. Ra7 Nb7 30. R1a6 dxe5 31. fxe5 Qd8 32. Rxb6 f6 33. Raxb7 Rxb7 34. Rxb7 Nc7 35. Ne3 fxe5 36. Qd1 Qc8 37. Bc6 Ne8 38. Qd7 1-0

[Event "10th Cesme Open-A 2024"]
[Site "Cesme"]
[Date "2024.06.25"]
[Round "4"]
[White "Schekachikhin, Maksim"]
[Black "Pereverzev, Timofei"]
[Result "1/2-1/2"]
[ECO "B39"]
[WhiteElo "2343"]
[BlackElo "2019"]
[Annotator "RC"]
[PlyCount "58"]
[EventDate "2024.06.23"]
[EventType "swiss"]
[EventCountry "TUR"]
[SourceTitle "playchess.com"]
[Source "ChessBase"]
[SourceQuality "1"]
[TimeControl "5400+30"]

1. e4 c5 2. Nf3 g6 3. d4 cxd4 4. Nxd4 Nc6 5. c4 Nf6 6. Nc3 Bg7 7. Be3 Ng4 8. Qxg4 Nxd4 9. Qd1 e5 10. h4 h5 11. Qd2 O-O 12. Bd3 d6 13. Nd5 Be6 14. Bg5 f6 15. Be3 Bxd5 16. exd5 f5 17. Bxd4 exd4 18. O-O-O Re8 19. Kb1 Re5 20. f3 Re3 21. Rdg1 Qf6 22. Qd1 Rae8 23. g4 hxg4 24. fxg4 f4 25. g5 Qe5 26. Rf1 Rg3 27. Re1 Re3 28. Ref1 Rg3 29. Re1 Re3 1/2-1/2

[Event "10th Cesme Open-A 2024"]
[Site "Cesme"]
[Date "2024.06.25"]
[Round "4"]
[White "Ebrahimi Herab, Hamidreza"]
[Black "Grover, Sahaj"]
[Result "1/2-1/2"]
[ECO "D31"]
[WhiteElo "2333"]
[BlackElo "2510"]
[Annotator "TA"]
[PlyCount "96"]
[EventDate "2024.06.23"]
[EventType "swiss"]
[EventCountry "TUR"]
[SourceTitle "playchess.com"]
[Source "ChessBase"]
[SourceQuality "1"]
[TimeControl "5400+30"]

1. d4 d5 2. c4 e6 3. Nc3 a6 4. cxd5 exd5 5. Bf4 Nf6 6. e3 c5 7. Nge2 Nc6 8. g3 {[%emt 0:02:30] White has an edge.} Be6 9. Bg2 Be7 10. O-O O-O 11. dxc5 h6 12. Rc1 Bxc5 {[%emt 0:02:30] [#]} 13. Nxd5 $1 Bxd5 14. Bxd5 Qxd5 15. Qxd5 Nxd5 {[%emt 0:00:30] A dynamic duo of knights.} 16. Rxc5 Ndb4 ({Better is} 16... Rfd8 $14) 17. a3 $16 Nd3 18. Rc3 $36 {[%emt 0:00:00][%mdl 2048] White is really pushing.} Nxb2 19. Rb1 $1 g5 (19... Na4 $16 {was worth a try.}) 20. Rxb2 $18 gxf4 21. Nxf4 Na5 22. Rc5 b5 23. a4 Nc4 24. Rb4 Nd6 25. Rd5 Rfd8 26. Rbd4 Nb7 27. axb5 Rxd5 28. Nxd5 axb5 {[%emt 0:00:00][%mdl 4096] Endgame. KRN-KRN} 29. Nc3 {[%emt 0:01:30] Dodges Ra4} Ra5 30. Kg2 Kf8 31. g4 Ke7 32. Kg3 Nd6 33. Kf3 Ke6 34. h4 Ra8 35. Ke2 Rb8 36. f4 {[%emt 0:00:30] White is more active.} f5 37. gxf5+ Nxf5 {[%emt 0:00:30] [#]} 38. Rb4 Nxh4 {[%emt 0:00:30] [#]} 39. Rxb5 (39. Kf2 $1 $16) 39... Rxb5 $11 {[%emt 0:01:30] The position is equal.} 40. Nxb5 $16 {[%emt 0:00:30] And now e4 would win. KN-KN} Kf5 41. Kf2 Kg4 42. Nc7 Nf5 43. Nd5 {[%emt 0:00:30] Nf6+ would now be deadly.} Nd6 44. Nf6+ Kf5 45. Ng8 h5 46. Kf3 Ke6 {[%emt 0:00:00] Wards off Ne7} 47. e4 Kf7 48. e5 Ne8 {[%emt 0:00:00] Blacks defense is rewarded with a draw.   Weighted Error Value: White=0.13 (very precise) /Black=0.10 (very precise) .  Mistake:       	White=1     	Black=2      Inaccurate:     	White=1     	Black=3      OK:         	White=18    	Black=21     Best:        	White=2     	Black=4      Strong:       	White=1     	---} 1/2-1/2

[Event "10th Cesme Open-A 2024"]
[Site "Cesme"]
[Date "2024.06.25"]
[Round "4"]
[White "Kamer, Kayra"]
[Black "Bernadskiy, Vitaliy"]
[Result "1/2-1/2"]
[ECO "B56"]
[WhiteElo "2316"]
[BlackElo "2563"]
[Annotator "TA"]
[PlyCount "109"]
[EventDate "2024.06.23"]
[EventType "swiss"]
[EventCountry "TUR"]
[SourceTitle "playchess.com"]
[Source "ChessBase"]
[SourceQuality "1"]
[TimeControl "5400+30"]

1. e4 c5 2. Nf3 d6 3. d4 cxd4 4. Nxd4 Nf6 5. Nc3 Nc6 6. h3 e5 7. Nde2 {[%emt 0:00:00] 7.Nxc6 is the recent fashion.} Be7 {[%emt 0:00:30] B56: Classical Sicilian: Unusual Lines.} 8. g4 O-O 9. Bg2 a6 10. Be3 b5 11. Ng3 b4 12. Nd5 Nxd5 13. Qxd5 $146 ({Predecessor:} 13. exd5 Nd4 14. O-O f5 15. Bxd4 exd4 16. Nxf5 Bxf5 17. gxf5 Rxf5 18. a3 bxa3 19. Rxa3 {½-½ Staf,G (2120)-Mostowik,D (2115) W-ch WS/M/347 email 2011}) 13... Qc7 14. Qd2 g6 15. O-O Be6 16. b3 a5 17. c4 bxc3 18. Qxc3 Rfc8 19. Rfc1 Qb7 20. Qd2 Qb4 21. Ne2 Qxd2 22. Bxd2 Nb4 23. Nc3 Nd3 24. Nd5 (24. Rc2 $15) 24... Bh4 $1 $17 25. Rxc8+ Rxc8 26. Bxa5 Bxf2+ (26... Nxf2 27. Be1 Bxd5 28. exd5 $16) 27. Kf1 {[%emt 0:00:30] [#]} Bxd5 $1 28. exd5 Bd4 29. Rd1 Nf4 30. Be4 Nxh3 31. Kg2 {[%emt 0:04:30] [#]} ({White should try} 31. Bb4) 31... Ng5 (31... Nf2 32. Rxd4 Ra8 33. Kxf2 $18) (31... Nf4+ $1 $17 32. Kf3 Nh3) 32. Bd3 (32. Bb1 $1 $15) 32... e4 (32... Ra8 $17 33. b4 Rc8) 33. Bxe4 Nxe4 34. Rxd4 Rc2+ 35. Kf3 Rxa2 36. Kxe4 Rxa5 37. Ra4 ({Better is} 37. Rb4 $11) 37... Rb5 $1 $15 38. b4 Kg7 39. Kd4 $1 h5 40. Kc4 Rb8 41. gxh5 g5 42. Ra6 Rd8 43. b5 g4 44. b6 Rb8 45. Kb5 f5 $1 46. Kc6 g3 47. Kc7 (47. Kxd6 g2 48. Kc7 Ra8 (48... g1=Q 49. Kxb8 Qg3+ 50. Ka7 $15) 49. Rxa8 g1=Q (49... g1=B 50. b7 Kh6 51. b8=Q Kg5 52. Qg8+ Kf4 53. Qxg1 Ke4 54. d6)) 47... Rf8 48. b7 $1 (48. Kxd6 $2 g2 49. Ra1 f4 $19) 48... g2 49. Rxd6 (49. b8=R $2 {perishes.} Rf7+ (49... g1=R 50. h6+ Kf7 51. Rxf8+ Kxf8 52. Ra8+ Ke7 53. h7 Rc1+ 54. Kb6 Rb1+ 55. Kc6 $18) 50. Kxd6 g1=Q $19 (50... g1=B $2 51. Re8 $18)) (49. Ra1 f4 50. Kc6 (50. b8=B $2 Kh6 $19) (50. b8=Q Rxb8 51. Kxb8 f3 $19) (50. Kxd6 $2 f3 $19) 50... Rb8 $19) 49... g1=Q 50. Rg6+ Qxg6 $1 51. hxg6 f4 52. b8=Q Rxb8 53. Kxb8 f3 54. d6 f2 55. d7 1/2-1/2